 Dungeon Crawl Stone Soup version 0.17-a0-764-gd40c196 (webtiles) character file.

3599 ventricule the Grappler (level 9, -2/80 HPs)
             Began as a Troll Monk on Apr 23, 2015.
             Slain by a killer bee (5 damage)
             ... on level 8 of the Dungeon.
             The game lasted 00:12:28 (6810 turns).

ventricule the Grappler (Troll Monk)                Turns: 6810, Time: 00:12:28

Health: -2/80      AC:  6    Str: 21    XL:     9   Next: 85%
Magic:  8/8        EV: 10    Int: 14    God:
Gold:   398        SH:  0    Dex: 12    Spells: 0 memorised, 8 levels left

rFire  + . .     SeeInvis .       - Unarmed
rCold  + + .     Clarity  .     a - +1 robe
rNeg   . . .     SustAb   .     (no shield)
rPois  +         Gourm    +     (helmet restricted)
rElec  +         Spirit   .     (no cloak)
rCorr  +         Warding  .     (gloves unavailable)
rMut   .         Stasis   .     (boots unavailable)
MR     .....                    (no amulet)
Stlth  ++........               z - ring of stealth
                                x - ring of protection from cold

@: brilliant, lethally poisoned (-2 -> -8), resistant, very slightly
contaminated, invisible, not resistant to hostile enchantments, unstealthy
A: unfitting armour, claws 3, fast metabolism 3, gourmand, mutation resistance
1, regeneration 2, shaggy fur 1, tough skin 2
a: no special abilities


You were on level 8 of the Dungeon.
You were very full.

You visited 1 branch of the dungeon, and saw 8 of its levels.

You collected 398 gold pieces.


Innate Abilities, Weirdness & Mutations

You are too large for most types of armour.
You have claws for hands.
Your metabolism is lightning-fast.
You like to eat raw meat.
You heal very quickly.
You are covered in fur (AC +1).
You have very tough skin (AC +2).
You are somewhat resistant to further mutation.


   Skills:
 + Level 2.6 Fighting
 + Level 2.6 Dodging
 - Level 1.1 Stealth
 - Level 14.0 Unarmed Combat


You had 8 spell levels left.
You didn't know any spells.

Inventory:

Hand weapons
 y - a +0 blowgun
Missiles
 i - 7 curare-tipped needles {=f}
 j - 3 throwing nets (quivered) {=f}
Armour
 a - a +1 robe (worn)
Jewellery
 e - an amulet of faith {!P}
 g - an amulet of inaccuracy
 l - a ring of fire
 x - a ring of protection from cold (left claw)
 z - a ring of stealth (right claw)
Scrolls
 h - 2 scrolls of remove curse
 m - 2 scrolls of fear
 n - a scroll of recharging
 t - 2 scrolls of enchant armour
 w - a scroll of teleportation {@r4}
Potions
 d - 2 potions of might
 f - a potion of invisibility
 p - 2 potions of haste {@q3}
 q - a potion of brilliance
 s - a potion of restore abilities
 v - a potion of ambrosia {!q}
Books
 r - a book of the Warp
Comestibles
 b - 15 bread rations
 c - 2 meat rations
 A - a chunk of flesh

Dungeon Overview and Level Annotations

Branches:
Dungeon (8/15)             Temple (0/1) D:4
   Lair: D:8-11

Altars:
Cheibriados
Dithmenos
Fedhas
Qazlal
Ru
Xom
Zin
The Shining One

Shops:
D:6 * D:7

} # #. #. ### #.# ..#
..## #.## ..#####.#
...## #yy.....## ....###
######T.......# ......##
##..............
.......###..............
.......##...............
.......#................
.......................
......................
.......#.............
......##............


You could see 2 killer bees.


Message History

* * * LOW HITPOINT WARNING * * *
The killer bee barely misses you. x2
You are very lightly contaminated with residual magic.
Drink which item? (? for menu, Esc to quit)
Really quaff
v - 2 potions of ambrosia {!q}?
You are confused.
You feel invigorated.
* * * LOW HITPOINT WARNING * * *
You feel very sick. The killer bee barely misses you.
The killer bee stings you.
* * * LOW HITPOINT WARNING * * *
The killer bee barely misses you.
The killer bee stings you but does no damage.
You feel sick. The killer bee misses you. The killer bee misses you.
The killer bee misses you. The killer bee barely misses you.
You feel less invigorated.
You feel less confused.
You feel sick. The killer bee barely misses you. The killer bee stings you.
* * * LOW HITPOINT WARNING * * *
The killer bee closely misses you. The killer bee stings you.
* * * LOW HITPOINT WARNING * * *
* * * LOW HITPOINT WARNING * * *
You feel sick. The killer bee stings you.
* * * LOW HITPOINT WARNING * * *
The killer bee closely misses you.
The killer bee stings you but does no damage.
The killer bee barely misses you.
* * * LOW HITPOINT WARNING * * *
You feel sick. The killer bee closely misses you. The killer bee stings you.
You die...

Action                   |  1- 3 |  4- 6 |  7- 9 || total
-------------------------+-------+-------+-------++-------
Melee: Unarmed           |   103 |   115 |   310 ||   528
Throw: Throwing net      |       |       |     2 ||     2
  Use: Scroll            |     8 |     4 |     5 ||    17
       Potion            |       |       |     7 ||     7
 Stab: Sleeping          |     1 |       |     3 ||     4
  Eat: Chunk             |    17 |    15 |    39 ||    71

Vault maps used:
D:1:      minmay_arrival_split_and_join
D:2:      amethyst_overflow_temple_binary, first_bread, uniq_terence
D:3:      gammafunk_temple_overflow_wave
D:4:      minmay_temple_entry_statues_pillars, kennysheep_diamond
D:5:      basic_altar
D:6:      kennysheep_big_flooded_room, tso_altar, zin_purify, hex_tiny,
          fedhas_bush_and_centaur_altar
D:7:      serial_shops, shop, the_bakery, grunt_decor_arrowhead
D:8:      lemuel_ice_statue, overflow_temple_1_default, corexii_hall_statues_s

Notes
Turn   | Place    | Note
--------------------------------------------------------------
     0 | D:1      | ventricule, the Troll Monk, began the quest for the Orb.
     0 | D:1      | Reached XP level 1. HP: 22/22 MP: 0/0
   251 | D:1      | Reached XP level 2. HP: 26/29 MP: 1/1
   617 | D:1      | Reached skill level 5 in Unarmed Combat
   617 | D:1      | Reached XP level 3. HP: 28/36 MP: 2/2
   843 | D:2      | Noticed Terence
  1271 | D:2      | Killed Terence
  1271 | D:2      | Reached XP level 4. HP: 33/44 MP: 3/3
  1354 | D:2      | Reached skill level 6 in Unarmed Combat
  1469 | D:2      | Found a shimmering altar of Xom.
  1469 | D:2      | Found a snail-covered altar of Cheibriados.
  1514 | D:2      | Reached XP level 5. HP: 46/50 MP: 4/4
  1611 | D:3      | Found a shadowy altar of Dithmenos.
  1611 | D:3      | Found a stormy altar of Qazlal.
  2232 | D:3      | Reached skill level 7 in Unarmed Combat
  2501 | D:4      | Reached XP level 6. HP: 44/59 MP: 5/5
  2582 | D:4      | Noticed a water moccasin
  2593 | D:4      | Killed a water moccasin
  2831 | D:4      | Found a staircase to the Ecumenical Temple.
  2899 | D:4      | Reached skill level 8 in Unarmed Combat
  3047 | D:4      | Reached XP level 7. HP: 60/66 MP: 6/6
  3613 | D:4      | Found a shimmering altar of Xom.
  3614 | D:4      | Noticed an ogre
  3615 | D:4      | Noticed a phantom
  3639 | D:4      | Killed an ogre
  3639 | D:4      | Reached skill level 9 in Unarmed Combat
  3657 | D:4      | Killed a phantom
  3815 | D:5      | Entered Level 5 of the Dungeon
  3929 | D:5      | Reached skill level 10 in Unarmed Combat
  4010 | D:5      | Reached XP level 8. HP: 74/74 MP: 7/7
  4051 | D:5      | Gained mutation: You are somewhat resistant to further mutation. [mutagenic meat]
  4146 | D:5      | Found a glowing silver altar of Zin.
  4350 | D:6      | Found Zin's Purification Station.
  4353 | D:6      | Found a glowing silver altar of Zin.
  4458 | D:6      | Found a blossoming altar of Fedhas.
  4467 | D:6      | Reached skill level 11 in Unarmed Combat
  4848 | D:6      | Noticed a two-headed ogre
  4866 | D:6      | Killed a two-headed ogre
  4883 | D:6      | Reached skill level 12 in Unarmed Combat
  5038 | D:6      | Found a glowing golden altar of the Shining One.
  5132 | D:7      | Reached XP level 9. HP: 80/80 MP: 8/8
  5305 | D:7      | Found Puuvas's Gadget Shop.
  5652 | D:7      | Reached skill level 13 in Unarmed Combat
  6162 | D:7      | HP: 5/80 [orc priest/divine providence (11)]
  6450 | D:8      | Found a sacrificial altar of Ru.
  6725 | D:8      | Reached skill level 14 in Unarmed Combat
  6802 | D:8      | Identified a potion of resistance
  6803 | D:8      | HP: 4/80 [killer bee (6)]
  6809 | D:8      | HP: 5/80 [killer bee (4)]
  6810 | D:8      | Slain by a killer bee

Vanquished Creatures
  A two-headed ogre (D:6)
  A spriggan (D:7)
  A hippogriff (D:6)
  A water moccasin (D:4)
  2 orc warriors
  A phantom (D:4)
  2 sky beasts
  3 ogres
  A black bear (D:7)
  2 ice beasts
  2 centaurs
  5 giant frogs
  A big kobold (D:7)
  A scorpion (D:7)
  2 killer bees (D:8)
  2 crimson imps
  7 hounds
  A wasp zombie (D:7)
  A centaur skeleton (D:6)
  6 jellies
  9 orc wizards
  5 orc priests
  2 iguanas
  Terence (D:2)
  4 worker ants
  A hound zombie (D:5)
  A worker ant zombie (D:7)
  10 adders
  6 gnolls
  3 shadow imps
  2 oozes
  2 worms
  16 orcs
  3 ball pythons
  8 bats
  2 bat skeletons
  2 giant cockroaches
  18 hobgoblins
  4 jackals (D:4)
  4 quokkas
  2 giant newts (D:1)
  9 goblins
  9 kobolds
  15 rats
181 creatures vanquished.
